 Dungeon Crawl Stone Soup version 0.17-a0-1954-g0dddeaa (webtiles) character file.

65 Kangaxx the Magician (level 3, -5/19 HPs)
             Began as a Deep Elf Wizard on Oct 4, 2015.
             Slain by a gnoll
             ... wielding a +0 club
              (8 damage)
             ... on level 1 of the Dungeon.
             The game lasted 00:07:26 (1763 turns).

Kangaxx the Magician (Deep Elf Wizard)              Turns: 1763, Time: 00:07:26

Health: -5/19      AC:  2    Str:  4      XL:     3   Next: 94%
Magic:  0/11       EV: 13    Int: 21 (23) God:
Gold:   73         SH:  0    Dex: 13      Spells: 5 memorised, 1 level left

rFire  . . .     SeeInvis .     h - +0 spear
rCold  . . .     Clarity  .     a - +0 robe
rNeg   . . .     SustAt   .     (no shield)
rPois  .         Gourm    .     b - +0 hat
rElec  .         Spirit   .     (no cloak)
rCorr  .         Warding  .     (no gloves)
rMut   .         Stasis   .     (no boots)
MR     .....                    (no amulet)
Stlth  ++........               (no ring)
                                (no ring)

@: not resistant to hostile enchantments, unstealthy
A: no striking features
a: no special abilities


You were on level 1 of the Dungeon.
You were very hungry.

You visited 1 branch of the dungeon, and saw 2 of its levels.

You collected 73 gold pieces.

Inventory:

Hand weapons
 h - a +0 spear (weapon)
Armour
 a - a +0 robe (worn)
 b - a +0 hat (worn)
Jewellery
 m - an uncursed ring of protection from cold {unknown}
 p - a +3 ring of protection {unknown}
Scrolls
 e - a scroll of recharging {unknown}
 f - 3 scrolls of identify {unknown}
 i - a scroll of remove curse {unknown}
 j - a scroll of teleportation {unknown}
 k - 2 scrolls of immolation {unknown}
 l - a scroll of fog {unknown}
 n - a scroll of magic mapping {unknown}
Potions
 g - a potion of invisibility {unknown}
Books
 c - a book of Minor Magic

   Spells                             Type                      Level
   a - Magic Dart                     Conjuration                  1
   b - Blink                          Translocation                2
   c - Call Imp                       Summoning                    2
   d - Repel Missiles                 Charms/Air                   2
   e - Slow                           Hexes                        2
   f - Conjure Flame                  Conjuration/Fire             3
   g - Mephitic Cloud                 Conjuration/Poison/Air       3
Comestibles
 d - 2 bread rations
 o - a meat ration


   Skills:
 + Level 3.2 Dodging
 + Level 2.8 Stealth
 + Level 5.3 Spellcasting
 * Level 2.1 Conjurations
 + Level 0.0 Charms
   Level 1.1 Summonings
 + Level 1.2 Translocations
 + Level 0.4 Fire Magic
 + Level 0.4 Air Magic
 + Level 0.0 Poison Magic


You had one spell level left.
You knew the following spells:

 Your Spells              Type           Power        Failure   Level  Hunger
a - Magic Dart            Conj           ##..         6%          1    None
b - Blink                 Tloc           N/A          12%         2    None
c - Repel Missiles        Chrm/Air       #.....       14%         2    None
e - Conjure Flame         Conj/Fire      ##......     21%         3    ##.....
h - Mephitic Cloud        Conj/Pois/Air  #.......     24%         3    ##.....


Dungeon Overview and Level Annotations

Branches:
Dungeon (2/15)

Altars:

Annotations:
D:2 Robin


Message History

Press: ? - help, Shift-Dir - straight line, f/p - gnoll
Aim: a gnoll, wielding a club and wearing a runed plate armour (almost dead)
The magic dart hits the gnoll.
The gnoll is almost dead.
The gnoll hits you with a club.
Casting: Magic Dart
Confirm with . or Enter, or press ? or * to list all spells.
You don't have enough magic to cast that spell.
Unknown command.
The gnoll hits you with a club!
* * * LOW HITPOINT WARNING * * *
Casting: Magic Dart
Confirm with . or Enter, or press ? or * to list all spells.
Aiming: Magic Dart
Press: ? - help, Shift-Dir - straight line, f/p - gnoll
Aim: a gnoll, wielding a club and wearing a runed plate armour (almost dead)
The magic dart hits the gnoll.
The gnoll is almost dead.
The gnoll hits you with a club!
You die...

#.....# #.####..g###.# #.#.#.#
#........###.#
#.#.#.############)(.##.#
#...#.......# #.#.##.#
#.###.......# #......#
####.###.......# ###.####
#.(............# ######.##
#.##.##)#)...g.# #.......#
#.##.##.#....)@###.####..#
#)##.##.#.....(..#.##....#
#.##.##.##.#.###.#.##.##.#
#.......##.......#.##.##.#
####.#####..#.#..#.......#
#................)....####
#.##.##.........##############
###.##.##..##.#...# #.......#
.....#............# #.##.##.#


You could see a gnoll.

Vanquished Creatures
  A gnoll (D:2)
  2 adders (D:2)
  An ooze (D:2)
  A giant gecko (D:2)
  4 goblins
  6 hobgoblins
  A quokka (D:1)
  2 bats
  A giant newt (D:1)
  11 kobolds
  4 rats (D:1)
34 creatures vanquished.

Notes
Turn   | Place    | Note
--------------------------------------------------------------
     0 | D:1      | Kangaxx the Deep Elf Wizard began the quest for the Orb.
     0 | D:1      | Reached XP level 1. HP: 10/10 MP: 7/7
   225 | D:1      | Reached XP level 2. HP: 15/15 MP: 3/9
   775 | D:2      | Noticed Robin
   875 | D:2      | Reached skill level 5 in Spellcasting
   875 | D:2      | Reached XP level 3. HP: 11/19 MP: 0/11
  1156 | D:2      | Learned a level 2 spell: Blink
  1159 | D:2      | Learned a level 2 spell: Repel Missiles
  1163 | D:2      | Learned a level 3 spell: Mephitic Cloud
  1167 | D:2      | Learned a level 3 spell: Conjure Flame
  1763 | D:1      | Slain by a gnoll

Vault maps used:
D:1:      dpeg_arrival_water_temple_mockup
D:2:      first_bread, uniq_sigmund, uniq_robin

Action                   || total
-------------------------++-------
Melee: Spear             ||     3
 Cast: Magic Dart        ||   111
       Conjure Flame     ||     2
       Mephitic Cloud    ||     2
  Use: Potion            ||     2
  Eat: Chunk             ||     1
